 Dungeon Crawl Stone Soup version 0.24-a0-521-g122614bf49 (webtiles) character file.

Game seed: 14773316832027250168

587 GordonOverkill the Chopper (level 6, -1/47 HPs)
             Began as a Demigod Fire Elementalist on July 30, 2019.
             Slain by a mummy (12 damage)
             ... in an ossuary.
             The game lasted 00:12:25 (4720 turns).

GordonOverkill the Chopper (DgFE)                   Turns: 4720, Time: 00:12:26

Health: -1/47      AC:  8    Str: 15    XL:     6   Next: 92%
Magic:  11/11      EV:  7    Int: 19    God:
Gold:   155        SH:  5    Dex: 16    Spells: 8/8 levels left

rFire    . . .     SeeInvis .   a - +0 hand axe
rCold    . . .     Gourm    .   u - +0 buckler
rNeg     . . .     Faith    .   f - +0 chain mail
rPois    .         Spirit   .   (no helmet)
rElec    .         Reflect  .   (no cloak)
rCorr    .         Harm     .   (no gloves)
MR       .....                  (no boots)
Stlth    ..........             g - amulet of magic regeneration
HPRegen  0.15/turn              (no ring)
MPRegen  0.37/turn              (no ring)

@: no status effects
A: high mp 1
a: no special abilities


You were in an ossuary.
You were hungry.

You visited 1 branch of the dungeon, and saw 4 of its levels.
You also visited: Sewer and Ossuary.

You collected 155 gold pieces.

Inventory:

Hand Weapons
 a - a +0 hand axe (weapon)
 b - a +0 hunting sling
Missiles
 h - 118 stones (quivered)
 q - a throwing net
Armour
 f - a +0 chain mail (worn)
 s - a +0 shield
 u - a +0 buckler (worn)
Jewellery
 g - an amulet of magic regeneration (around neck)
Potions
 d - a potion of degeneration
 e - a potion of curing
 j - 2 potions of cancellation
 m - a potion of haste
 n - 3 potions of flight {unknown}
 p - a potion of lignification {unknown}
Comestibles
 c - 7 rations
 r - 3 chunks of flesh


   Skills:
 - Level 1.0 Fighting
 + Level 4.8 Axes
 - Level 1.0 Armour
 - Level 3.0 Dodging
 - Level 1.7 Stealth
 + Level 3.5 Shields
 - Level 1.7 Spellcasting
   Level 0.8 Conjurations
   Level 2.6 Fire Magic


You had 8 spell levels left.
You didn't know any spells.
Your spell library contained the following spells:

 Spells                   Type           Power        Failure   Level  Hunger
 Flame Tongue             Conj/Fire      #....        91%         1    #......
 Throw Flame              Conj/Fire      #.....       97%         2    ###....
 Conjure Flame            Conj/Fire      #.......     99%         3    ###....
 Inner Flame              Hex/Fire       #.......     100%        3    ###....
 Sticky Flame             Conj/Fire      #.......     100%        4    #####..
 Fireball                 Conj/Fire      #.........   100%        5    ######.


Dungeon Overview and Level Annotations

Branches:
Dungeon (4/15)
 Temple: D:4-7


Innate Abilities, Weirdness & Mutations

You have an increased reservoir of magic. (+10% MP)


Message History

You block the mummy's attack.
You hit the mummy.
The mummy is moderately damaged.
The mummy hits you!
* * * LOW HITPOINT WARNING * * *
Your chain mail prevents you from hitting the mummy.
The mummy is moderately damaged.
Your chain mail prevents you from hitting the mummy.
The mummy is moderately damaged.
The mummy barely misses you.
You hit the mummy but do no damage.
The mummy is moderately damaged.
You are feeling hungry.
The mummy hits you but does no damage.
You slash the mummy!
The mummy is almost destroyed.
You hit the mummy but do no damage.
The mummy is almost destroyed.
The mummy hits you!
You die...

## P≈
#≈ '
#####.#
#∩..#≈+
#.∩.(≈#
#@M(#≈+
#####


You could see a mummy.

Vanquished Creatures
  A big kobold (Sewer)
  A scorpion (D:4)
  A hound (D:4)
  2 orc priests (D:4)
  An iguana (D:3)
  3 orc wizards (D:4)
  A worker ant (D:4)
  2 mummies (Ossuary)
  A river rat (Sewer)
  8 adders
  A shadow imp (D:2)
  An ooze (D:3)
  5 worms
  2 dart slugs (D:1)
  2 leopard geckos
  6 orcs (D:4)
  2 ball pythons
  3 giant cockroaches
  15 goblins
  8 hobgoblins
  6 jackals
  2 quokkas
  14 bats
  4 frilled lizards
  A jackal skeleton (D:4)
  A jackal zombie (Ossuary)
  14 kobolds
  A leopard gecko zombie (Ossuary)
  15 rats
124 creatures vanquished.

Vanquished Creatures (others)
  A withered plant (Ossuary)
1 creature vanquished.

Grand Total: 125 creatures vanquished

Notes
Turn   | Place    | Note
-------+----------+-------------------------------------------
     0 | D:1      | GordonOverkill the Demigod Fire Elementalist began the
                  | quest for the Orb.
     0 | D:1      | Reached XP level 1. HP: 14/14 MP: 5/5
   218 | D:1      | Reached XP level 2. HP: 20/20 MP: 2/7
   714 | D:1      | Reached skill level 1 in Axes
   728 | D:1      | Reached XP level 3. HP: 26/26 MP: 2/8
  1516 | D:2      | Reached skill level 2 in Axes
  1688 | D:2      | Reached XP level 4. HP: 31/33 MP: 4/9
  2098 | D:2      | Found a basalt altar of Yredelemnul.
  2098 | D:2      | Found a snail-covered altar of Cheibriados.
  2692 | D:3      | Reached skill level 3 in Axes
  3021 | D:3      | Reached skill level 1 in Fighting
  3021 | D:3      | Reached skill level 1 in Armour
  3078 | D:3      | Found a glowing drain.
  3101 | D:3      | Reached XP level 5. HP: 31/40 MP: 10/10
  3107 | Sewer    | Entered a sewer
  3130 | Sewer    | Reached skill level 1 in Shields
  3502 | Sewer    | Found a glowing silver altar of Zin.
  4285 | D:4      | Reached skill level 4 in Axes
  4285 | D:4      | Reached XP level 6. HP: 23/47 MP: 11/11
  4481 | D:4      | Found a sand-covered staircase.
  4568 | Ossuary  | Entered an ossuary
  4720 | Ossuary  | Slain by a mummy

Levels and vault maps discovered:
D:1:      erik_arrival_cave_to_civilisation [erik_arrival_cave_to_hall],
          layout_rooms
D:2:      layout_loops_ring, gammafunk_temple_overflow_wave, minmay_pentomino_z4
D:3:      layout_rooms, first_ration, cheibrodos_sewer_entry_bend
D:4:      layout_basic, minmay_temple_entry_statues_fountains,
          nicolae_ossuary_entry_ruins, serial_curves, eino_curves_03,
          eino_curves_04
Ossuary:  ossuary_zaba_flooded

Skill      XL: |  1  2  3  4  5  6 |
---------------+-------------------+-----
Dodging        | 2 3 |  3.0
Axes           | 1 2 3 4 |  4.8
Fighting       | 1 |  1.0
Armour         | 1 |  1.0
Shields        | 2 3 |  3.5
Stealth        | |  1.7
Spellcasting   | |  1.7
Conjurations   | |  0.8
Fire Magic     | |  2.6

Action                   |  1- 3 |  4- 6 || total
-------------------------+-------+-------++-------
Melee: Hand axe          |    11 |   245 ||   256
       Dagger            |     1 |       ||     1
 Fire: Hunting sling     |       |    62 ||    62
Throw: Stone             |     4 |    13 ||    17
 Cast: Flame Tongue      |    68 |    58 ||   126
  Use: Scroll            |       |    10 ||    10
       Potion            |       |     6 ||     6
  Eat: Chunk             |     3 |    11 ||    14
Armor: Robe              |     3 |       ||     3
       Leather armour    |     4 |     5 ||     9
       Chain mail        |       |   136 ||   136
Dodge: Dodged            |    35 |    76 ||   111
Block: Buckler           |       |    47 ||    47

Table legend:
 A = Non-vault XP
 B = Vault XP
 C = Vault XP percentage of total XP
 D = Non-vault monster count
 E = Vault monster count
 F = Vault count percentage of total count
                 A         B        C        D         E       F
            +---------+---------+-------+---------+---------+-------
      Total |     659 |     180 |  21.5 |     103 |      21 |  16.9
            +---------+---------+-------+---------+---------+-------
        D:1 |      52 |       4 |   7.1 |      31 |       2 |   6.1
        D:2 |     111 |       5 |   4.3 |      19 |       3 |  13.6
        D:3 |     140 |       5 |   3.4 |      36 |       1 |   2.7
        D:4 |     356 |       0 |   0.0 |      17 |       0 |   0.0
      Sewer |       0 |     125 | 100.0 |       0 |      11 | 100.0
    Ossuary |       0 |      41 | 100.0 |       0 |       4 | 100.0
            +---------+---------+-------+---------+---------+-------
